 Dungeon Crawl Stone Soup version 0.30-a0-613-gdd512c7efb (webtiles) character file.

Game seed: 8235218873237541350

1395 bmack86 the Trooper (level 8, 0/73 HPs)
             Began as a Minotaur Fighter on Jan 9, 2023.
             Was an Initiate of Okawaru.
             Killed by nerve-wracking pain
             ... invoked by a shadow imp
              (2 damage)
             ... on level 6 of the Dungeon.
             The game lasted 00:15:42 (4298 turns).

bmack86 the Trooper (Minotaur Fighter)              Turns: 4298, Time: 00:15:42

Health: 0/73       AC: 18    Str: 24    XL:     8   Next: 41%
Magic:  16/16      EV:  6    Int:  5    God:    Okawaru [......]
Gold:   141        SH:  5    Dex:  9    Spells: 7/7 levels left

rFire   . . .      SeeInvis .    a - +0 war axe
rCold   . . .      Faith    .    c - +0 buckler
rNeg    + . .      Spirit   .    g - +0 plate armour
rPois   .          Reflect  .    (helmet restricted)
rElec   .          Harm     .    n - +1 cloak
rCorr   .          Rampage  .    w - +1 pair of gloves {infuse}
Will    .....                    u - +0 pair of boots Stlth
                                 i - amulet of magic regeneration
HPRegen 0.32/turn                o - ring of magical power
MPRegen 0.55/turn                r - ring of positive energy

@: no status effects
A: horns 2, retaliatory headbutt
a: Renounce Religion


You were on level 6 of the Dungeon.
You worshipped Okawaru.
Okawaru was noncommittal.
You visited 2 branches of the dungeon, and saw 7 of its levels.

You collected 358 gold pieces.
You spent 217 gold pieces at shops.

Inventory:

Hand Weapons
 a - a +0 war axe (weapon)
 A - a +1 heavy war axe
Missiles
 f - 6 poisoned darts
 j - 5 javelins
 m - 6 boomerangs (quivered)
Armour
 b - a +0 scale mail
 c - a +0 buckler (worn)
 g - a +0 plate armour (worn)
 n - a +1 cloak (worn)
 u - a +0 pair of boots (worn)
 w - a +1 pair of gloves of infusion (worn)
Jewellery
 i - an amulet of magic regeneration (around neck)
 o - a ring of magical power (left hand)
 r - a ring of positive energy (right hand)
Wands
 h - a wand of flame (26)
 k - a wand of mindburst (16)
 p - a wand of roots (4)
 y - a wand of digging (5)
Scrolls
 s - a scroll of noise {unknown}
 x - 2 scrolls of teleportation
 z - a scroll of fog
Potions
 d - 3 potions of might
 e - 2 potions of flight
 l - 3 potions of curing
 q - 2 potions of mutation
 t - a potion of heal wounds
 v - 2 potions of attraction
 B - 2 potions of berserk rage {unknown}


   Skills:
 * Level 7.5 Fighting
 * Level 7.1 Axes
 + Level 3.4 Throwing
 + Level 5.9 Armour
 + Level 5.9 Shields


You had 7 spell levels left.
You didn't know any spells.
Your spell library contained the following spells:

 Spells                   Type           Power      Damage    Failure   Level
 Ensorcelled Hibernation  Hex/Ice        0%         N/A       100%        2
 Passwall                 Tmut/Erth      0%         N/A       100%        2
 Dazzling Flash           Conj/Hex       0%         N/A       100%        3
 Swiftness                Air            0%         N/A       100%        3
 Agony                    Necr           0%         N/A       100%        5
 Silence                  Hex/Air        0%         N/A       100%        5


Dungeon Overview and Level Annotations

Branches:
Dungeon (6/15)             Temple (1/1) D:5

Altars:
Fedhas
Gozag
Hepliaklqana
Makhleb
Nemelex Xobeh
Okawaru
Qazlal
Ru
Vehumet
Wu Jian
Yredelemnul
Zin

Shops:
D:1 [

Annotations:
D:4 3 runed translucent doors, Newt's ghost, amateur DsGl; porpoise's ghost, amateur GnWn; wormed's ghost, amateur OpTm
D:6 1 transporter


Innate Abilities, Weirdness & Mutations

You have a pair of horns on your head.
You reflexively headbutt those who attack you in melee.


Message History

Moving in this stuff is going to be slow.
The kobold demonologist casts a spell.
The smoke demon attacks as you move away!
The smoke demon hits you but does no damage.
The smoke demon hits you. x2
The kobold demonologist casts a cantrip, but nothing happens.
There is a fountain of clear blue water here.
You enter the shallow water.
Moving in this stuff is going to be slow.
The smoke demon gestures at you.
The ball of steam hits you but does no damage.
The orc priest looks encouraged for a moment.
The smoke demon gestures at you. The ball of steam hits you!!
The orc priest invokes the aid of Beogh against you.
You struggle to resist.
The orc priest invokes the aid of Beogh against you.
Beogh smites you!
The smoke demon attacks as you move away!
The smoke demon completely misses you.
The smoke demon hits you but does no damage. x2
You are engulfed in a cloud of scalding steam.
The orc priest invokes the aid of Beogh against you.
You struggle to resist.
The shadow imp is engulfed in a cloud of scalding steam.
The kobold demonologist mumbles some strange words.
The orc priest looks encouraged for a moment.
The orc priest mumbles some strange prayers to Beogh against you.
Pain shoots through your body! You block the smoke demon's attack.
The smoke demon closely misses you.
The smoke demon hits you but does no damage.
The orc priest invokes the aid of Beogh against you.
Beogh smites you!
* * * LOW HITPOINT WARNING * * *
The orc priest mumbles some strange prayers to Beogh against you.
Beogh smites you!
* * * LOW HITPOINT WARNING * * *
The shadow imp gestures at you. Pain shoots through your body!
You die...

######## #.#P.....P#.# .......#
#.####'####.#
#.####.##.#.#K≈...≈.#.#+#####
.......##.#.#K≈.5.≈o#........ .
..###..##.#.#5≈5~~≈o#.....#.. ##
..# #..##.#.#o≈P⌠~≈.#.....# #.
..# #..##.#.#5≈~~§§.#.....# #.
#.###...#.#.#o≈..3§.#.....# #.
#.#.....#.#.#.≈.@§≈5#.....# #.
#...........####+####.....# #
............#~.$.$.P#...).# #
##########))#8P$©$P8#.....# #
............#########.....#######
.##########.....©.....####.......
.# .........##### #....... .#
..###...## #....... .# ... ####
#..8....


You could see 2 kobold demonologists, a smoke demon (summoned), 4 orc priests, a
quasit (summoned) and 4 shadow imps.

Vanquished Creatures
  Pikel (D:6)
  A water moccasin (D:5)
  4 lemures (D:6)
  A phantom (D:6)
  A bullfrog (D:6)
  2 scorpions (D:5)
  A necrophage (D:6)
  A howler monkey (D:6)
  A jelly (D:6)
  5 orc priests
  A hound (D:5)
  3 orc wizards
  An iguana (D:4)
  6 adders
  2 white imps
  An ufetubus (D:5)
  2 dart slugs
  10 orcs
  7 ball pythons
  5 endoplasms
  6 giant cockroaches
  5 goblins
  7 hobgoblins
  8 jackals
  8 kobolds
  2 quokkas (D:2)
  5 bats
  2 frilled lizards
  7 rats
106 creatures vanquished.

Vanquished Creatures (others)
  4 withered plants (D:4)
4 creatures vanquished.

Grand Total: 110 creatures vanquished

Notes
Turn   | Place    | Note
-------+----------+-------------------------------------------
     0 | D:1      | bmack86 the Minotaur Fighter began the quest for the Orb.
     0 | D:1      | Reached XP level 1. HP: 19/19 MP: 0/0
   239 | D:1      | Reached XP level 2. HP: 27/27 MP: 1/1
   361 | D:1      | Found a faded altar of an unknown god.
   784 | D:1      | Found Buiteg's Antique Armour Shop.
   851 | D:1      | Reached XP level 3. HP: 33/33 MP: 2/2
  1526 | D:2      | Reached XP level 4. HP: 37/41 MP: 3/3
  2292 | D:4      | Reached skill level 1 in Throwing
  2294 | D:4      | Found an opulent altar of Gozag.
  2344 | D:4      | Found a stormy altar of Qazlal.
  2405 | D:4      | Reached XP level 5. HP: 47/47 MP: 4/4
  2415 | D:4      | Reached skill level 5 in Fighting
  2506 | D:4      | Found a runed translucent gate.
  2506 | D:4      | Found a runed translucent gate.
  2506 | D:4      | Found a runed translucent gate.
  2507 | D:4      | Noticed wormed's ghost (amateur OpTm)
  2508 | D:4      | Noticed porpoise's ghost (amateur GnWn)
  2508 | D:4      | Noticed Newt's ghost (amateur DsGl)
  2877 | D:5      | Entered Level 5 of the Dungeon
  2905 | D:5      | Reached XP level 6. HP: 42/56 MP: 5/5
  2963 | D:5      | Found a sacrificial altar of Ru.
  2993 | D:5      | Noticed a water moccasin
  3002 | D:5      | Killed a water moccasin
  3003 | D:5      | Reached skill level 5 in Axes
  3168 | D:5      | Found a staircase to the Ecumenical Temple.
  3184 | Temple   | Entered the Ecumenical Temple
  3374 | D:1      | Bought a pair of runed gloves for 217 gold pieces
  3591 | D:5      | Reached XP level 7. HP: 62/63 MP: 6/6
  3593 | D:5      | Reached skill level 5 in Armour
  3593 | D:5      | Reached skill level 5 in Shields
  3704 | D:6      | Noticed Pikel
  3721 | D:6      | Killed Pikel
  3722 | D:6      | Reached XP level 8. HP: 26/73 MP: 1/7
  3736 | D:6      | Found an iron altar of Okawaru.
  3749 | D:6      | Became a worshipper of Warmaster Okawaru
  4130 | D:6      | Found a transporter.
  4139 | D:6      | Found a transporter.
  4165 | D:6      | Noticed a kobold demonologist
  4165 | D:6      | Noticed a kobold demonologist
  4293 | D:6      | Noticed a smoke demon
  4298 | D:6      | HP: 2/73 [orc priest/divine providence (9)]
  4298 | D:6      | Killed from afar by a shadow imp

Illustrated notes

Levels and vault maps discovered:
D:1:      evilmike_arrival_crescent, layout_loops_corners,
          ebering_ecumenical_altar_mist, serial_shops, nicolae_lakefront_shop
D:2:      layout_basic
D:3:      layout_loops_ring, minmay_unequal
D:4:      layout_cave_pools, mainiacjoe_overflow_catwalk,
          overflow_temple_1_default, gammafunk_ghost_cemetery,
          roderic_roman_lattice, minmay_misc_feat_more_columns,
          kennysheep_generic_room_15
D:5:      layout_rooms, nicolae_ru_the_path_less_chosen,
          minmay_temple_entry_antechambers
D:6:      gammafunk_wand_slinger, layout_basic, okawaru_metal_pillars_1_2,
          minmay_misc_feat_alley, st_stairs_1, uniq_pikel
Temple:   nicolae_temple_ecumenical_triangle

Skill      XL: |  1  2  3  4  5  6  7  8 |
---------------+-------------------------+-----
Fighting       | 4 5 6 7 |  7.5
Axes           | 3 4 5 6 7 |  7.1
Shields        | 4 5 |  5.9
Armour         | 4 5 |  5.9
Throwing       | 1 2 3 |  3.4

Action                   |  1- 3 |  4- 6 |  7- 9 || total
-------------------------+-------+-------+-------++-------
Melee: War axe           |   101 |    98 |    49 ||   248
       Headbutt          |    11 |    19 |     7 ||    37
Throw: Dart              |     3 |       |       ||     3
       Javelin           |     3 |       |       ||     3
       Boomerang         |       |    19 |       ||    19
Evoke: Wand              |       |     2 |       ||     2
  Use: Scroll            |       |     9 |     1 ||    10
       Potion            |       |       |     1 ||     1
Armor: Plate armour      |    80 |    65 |    68 ||   213
       Scale mail        |     1 |       |       ||     1
Dodge: Dodged            |    38 |    30 |    15 ||    83
Block: Buckler           |    27 |    28 |    14 ||    69

Table legend: (Time is in decaauts)
 A = Elapsed time spent in this place.
 B = Non-inter-level travel time spent in this place.
 C = Inter-level travel time spent in this place.
 D = Time resting spent in this place.
 E = Time spent auto-exploring this place.
 F = Levels seen in this place.
 G = Mean time per level.
                   A        B        C        D        E       F      G
               +--------+--------+--------+--------+--------+-----+--------+
         Total |   4393 |   4034 |    359 |      0 |   2616 |   7 |  627.6 |
       Dungeon |   4347 |   3988 |    359 |      0 |   2616 |   6 |  724.5 |
        Temple |     45 |     45 |      0 |      0 |      0 |   1 |   45.0 |
               +--------+--------+--------+--------+--------+-----+--------+

Top non-repeatable levels by time:
     D:1: 1060 daAuts
     D:3: 768 daAuts
     D:2: 683 daAuts
     D:4: 631 daAuts
     D:6: 606 daAuts
     D:5: 597 daAuts
  Temple: 45 daAuts
